 Dungeon Sprint DCSS version 0.29-a0-337-g68df138881 (webtiles) character file.

Game seed: 4926482659862346439

41024 mhtbhm the Swordmaster (level 13, -1/154 HPs)
             Began as a Minotaur Berserker on Apr 16, 2022.
             Was the Champion of Trog.
             Slain by a salamander
             ... wielding a +3 trident
              (14 damage)
             ... in the Dungeon (Sprint IX: "|||||||||||||||||||||||||||||").
             The game lasted 00:07:24 (5086 turns).

mhtbhm the Swordmaster (Minotaur Berserker)         Turns: 5086, Time: 00:07:24

Health: -1/154     AC: 25    Str: 33    XL:     13   Next: 77%
Magic:  12/12      EV: 15    Int:  4    God:    Trog [******]
Gold:   96         SH:  0    Dex: 11    Spells: 12/12 levels left

rFire   . . .      SeeInvis .   a - +4 triple sword of Judgement {vorpal, rElec rPois rN+ Str+4}
rCold   + . .      Faith    +   (shield currently unavailable)
rNeg    + . .      Spirit   .   b - +1 plate armour {rC+}
rPois   +          Reflect  .   (helmet restricted)
rElec   +          Harm     .   A - +0 cloak
rCorr   .          Rampage  .   l - +0 pair of gloves
Will    .....      NoTele   +   k - +1 pair of boots
Stlth   ..........              x - amulet of faith
HPRegen 0.35/turn               m - +2 ring of evasion
MPRegen 0.13/turn               n - +3 ring of strength

@: lethally poisoned (-1 -> -3), on berserk cooldown, slowed, very slow
A: horns 2, retaliatory headbutt
a: Renounce Religion, Berserk, Trog's Hand, Brothers in Arms


You were in the Dungeon.
You worshipped Trog.
Trog was exalted by your worship.
You visited 1 branch You collected 1931 gold pieces.
You spent 1835 gold pieces at shops.

Inventory:

Hand Weapons
 a - the +4 triple sword of Judgement (weapon) {vorpal, rElec rPois rN+ Str+4}
   (Trog gifted it to you in the Dungeon)

   It inflicts extra damage upon your enemies.
   Str:       It affects your strength (+4).
   rElec:     It insulates you from electricity.
   rPois:     It protects you from poison.
   rN:        It protects you from negative energy.
 s - a +3 triple sword of flaming
 w - a +4 demon blade of flaming
Missiles
 v - 2 curare-tipped darts (quivered)
Armour
 b - a +1 plate armour of cold resistance (worn)
 k - a +1 pair of boots (worn)
 l - a +0 pair of gloves (worn)
 A - a +0 cloak (worn)
 E - a +1 tower shield
 F - a +1 buckler of protection
Jewellery
 m - a +2 ring of evasion (left hand)
 n - a +3 ring of strength (right hand)
 x - an amulet of faith (around neck)
 y - a +4 ring of slaying
 z - a ring of resist corrosion
 B - a ring of willpower
 C - a ring of see invisible
 D - a ring of protection from fire
Wands
 j - a wand of paralysis (16)
 H - a wand of acid (4)
Scrolls
 h - 3 scrolls of blinking
 p - 2 scrolls of fear
 q - 2 scrolls of fog
 r - a scroll of silence
 t - 3 scrolls of identify
Potions
 c - 3 potions of curing
 d - 5 potions of heal wounds
 e - 2 potions of haste
 f - 4 potions of magic
 g - 3 potions of berserk rage
 i - a potion of invisibility
 o - 2 potions of resistance
 u - a potion of might
 G - a potion of mutation


   Skills:
 + Level 25.5 Fighting
 O Level 27 Long Blades
 + Level 1.7 Throwing
 + Level 18.6 Armour
 + Level 13.9 Dodging
 + Level 3.4 Stealth
 + Level 4.2 Evocations


You had 12 spell levels left.
You didn't know any spells.
Your spell library was empty.

Dungeon Overview and Level Annotations

Branches:
Dungeon (1/1)

Altars:
Cheibriados
Dithmenos
Elyvilon
Fedhas
Gozag
Hepliaklqana
Kikubaaqudgha
Makhleb
Nemelex Xobeh
Okawaru
Qazlal
Ru
Sif Muna
Trog
Uskayaw
Vehumet
Wu Jian
Xom
Yredelemnul
Zin
The Shining One
Beogh
Jiyva
Lugonu

Shops:
D =([(


Innate Abilities, Weirdness & Mutations

You have a pair of horns on your head.
You reflexively headbutt those who attack you in melee.


Message History

The salamander mystic casts a spell at you.
The lance of force hits you.
You are knocked back by the lance of force.
Unknown command.
Unknown command.
The naga sharpshooter mumbles some strange words.
The naga sharpshooter magically shoots a bolt.
The bolt hits you.
There is an open door to the Snake Pit here.
You see here a +4 great sword of flaming.
Unknown command.
You chop the salamander mystic into pieces!!!
You kill the salamander mystic!
Trog accepts your kill.
Trog appreciates your killing of a magic user.
The naga sharpshooter shoots a bolt.
The bolt hits you!
The naga sharpshooter gestures wildly while chanting.
The naga sharpshooter magically shoots a bolt.
The bolt hits you!
The naga sharpshooter spits poison at you.
The splash of poison hits you but does no damage.
You are poisoned.
You resist.
The naga sharpshooter shoots a bolt.
The bolt closely misses you.
Items here: ))) [ †.
You feel sick.
The naga sharpshooter shoots a bolt.
The bolt hits you!
The naga sharpshooter shoots a bolt.
The bolt barely misses you.
You see here a guardian serpent corpse.
Unknown command.
Unknown command.
You feel sick.
The naga sharpshooter shoots a bolt.
The bolt barely misses you.
The salamander hits you from afar with a +3 trident!
* * * LOW HITPOINT WARNING * * *
You are engulfed in flames!
* * * LOW HITPOINT WARNING * * *
The naga sharpshooter shoots a bolt.
The bolt hits you!
* * * LOW HITPOINT WARNING * * *
The salamander hits you from afar with a +3 trident.
* * * LOW HITPOINT WARNING * * *
You are engulfed in flames!
You die...

▓.▓)▓.▓∩▓.▓.▓.▓.
▓+▓.▓)▓.▓)▓.▓.▓.▓.
▓.▓.▓)▓.▓)▓.▓.▓.▓)
▓.▓.▓†▓.▓)▓.▓.▓.▓?
▓.▓.▓'▓.▓)▓.▓.▓.▓.
▓N▓.▓.▓.▓)▓.▓)▓.▓'
▓N▓.▓.▓.▓'▓)▓.▓.▓_
▓N▓)▓.▓.▓.▓.▓.▓.▓_
▓@▓)▓.▓.▓.▓.▓.▓.▓_
▓†▓.▓.▓.▓.▓.▓.▓.▓_
▓)▓.▓.▓.▓.▓.▓.▓.▓_
▓)▓.▓.▓.▓.▓.▓.▓)▓_
♣.♣.▓!▓.▓.▓.▓.▓.▓_
♣.♣.▓.▓.▓.▓.▓÷▓.▓_
♣.♣.▓.▓.▓.▓.▓)▓.▓_
♣.♣.▓[▓)▓)▓.▓÷▓.▓_
♣.♣.▓[▓.▓)▓.▓.▓.▓_


You could see a naga sharpshooter (fast), a salamander (fast) and a naga.

Vanquished Creatures
  A stone giant (D)
  Nessos (D)
  2 eleionomae (D)
  A shambling mangrove (D)
  Erolcha (D)
  A boulder beetle (D)
  A centaur warrior (D)
  Erica (D)
  A merfolk avatar (D)
  2 hydras (D)
  An alligator (D)
  3 catoblepae (D)
  A deep troll shaman (D)
  A tengu warrior (D)
  A shock serpent (D)
  Sonja (D)
  6 death yaks (D)
  A naga sharpshooter (D)
  3 orc high priests (D)
  A salamander mystic (D)
  A swamp dragon (D)
  A sea snake (D)
  9 orc knights (D)
  A deep elf pyromancer (D)
  An orc sorcerer (D)
  5 manticores (D)
  An ugly thing (D)
  Maurice (D)
  A guardian serpent (D)
  A black mamba (D)
  2 naga magi (D)
  A gargoyle (D)
  4 cane toads (D)
  A yaktaur (D)
  2 komodo dragons (D)
  A bloated husk (D)
  3 merfolk (D)
  A wind drake (D)
  A hornet (D)
  2 blink frogs (D)
  A snapping turtle (D)
  A yak (D)
  A vampire mosquito (D)
  3 water moccasins (D)
  An acid dragon (D)
  5 orc warriors (D)
  An ogre (D)
  A centaur (D)
  3 bullfrogs (D)
  5 orc priests (D)
  A hound (D)
  An iguana (D)
  4 orc wizards (D)
  An adder (D)
  6 orcs (D)
  A ball python (D)
  2 bats (D)
  A kobold (D)
  A rat (D)
111 creatures vanquished.

Vanquished Creatures (collateral kills)
  A stone giant (D)
  A fire dragon (D)
  An ice dragon (D)
  3 orc high priests (D)
  A spriggan (D)
  A goliath frog (D)
  An orc knight (D)
  A deep elf pyromancer (D)
  An ugly thing (D)
  A will-o-the-wisp (D)
  A hornet (D)
  A vampire mosquito (D)
  4 orc warriors (D)
  An orc (D)
19 creatures vanquished.

Vanquished Creatures (others)
  A vampire mage (D)
  A hornet (D)
  2 foxfires (D)
4 creatures vanquished.

Grand Total: 134 creatures vanquished

Notes
Turn   | Place    | Note
-------+----------+-------------------------------------------
     0 | D        | mhtbhm the Minotaur Berserker began the quest for the Orb.
     0 | D        | Reached XP level 1. HP: 19/19 MP: 0/0
     7 | D        | Reached skill level 4 in Long Blades
     8 | D        | Reached ** piety under Trog
    16 | D        | Banished a spatial maelstrom
    45 | D        | Noticed a hound
    45 | D        | Noticed an iguana
    45 | D        | Noticed an ogre
    52 | D        | Killed an ogre
    52 | D        | Reached *** piety under Trog
    53 | D        | Reached skill level 7 in Long Blades
    53 | D        | Reached XP level 2. HP: 7/34 MP: 1/1
    53 | D        | Reached XP level 3. HP: 8/39 MP: 2/2
    53 | D        | Reached XP level 4. HP: 9/47 MP: 3/3
    60 | D        | Reached skill level 8 in Long Blades
    62 | D        | Reached skill level 9 in Long Blades
    62 | D        | Reached XP level 5. HP: 12/53 MP: 4/4
    72 | D        | Found a snail-covered altar of Cheibriados.
    72 | D        | Found a shadowy altar of Dithmenos.
    72 | D        | Found a white marble altar of Elyvilon.
    72 | D        | Found a blossoming altar of Fedhas.
    72 | D        | Found an opulent altar of Gozag.
    73 | D        | Found a hazy altar of Hepliaklqana.
    74 | D        | Found a viscous altar of Jiyva.
    75 | D        | Found an ancient bone altar of Kikubaaqudgha.
    76 | D        | Found a corrupted altar of Lugonu.
    77 | D        | Found a burning altar of Makhleb.
    78 | D        | Found a sparkling altar of Nemelex Xobeh.
    79 | D        | Found an iron altar of Okawaru.
    80 | D        | Found a stormy altar of Qazlal.
    81 | D        | Found a sacrificial altar of Ru.
    82 | D        | Found a shimmering blue altar of Sif Muna.
    83 | D        | Found a bloodstained altar of Trog.
    84 | D        | Found a hide-covered altar of Uskayaw.
    85 | D        | Found a radiant altar of Vehumet.
    86 | D        | Found an ornate altar of the Wu Jian Council.
    87 | D        | Found a shimmering altar of Xom.
    88 | D        | Found a basalt altar of Yredelemnul.
    89 | D        | Found a glowing silver altar of Zin.
    90 | D        | Found a glowing golden altar of the Shining One.
   316 | D        | Noticed a gargoyle
   316 | D        | Noticed a centaur
   316 | D        | Noticed an acid dragon
   316 | D        | Noticed a hornet
   319 | D        | Killed a hornet
   319 | D        | Reached **** piety under Trog
   320 | D        | Reached skill level 11 in Long Blades
   320 | D        | Reached skill level 5 in Armour
   320 | D        | Reached skill level 5 in Dodging
   320 | D        | Reached XP level 6. HP: 66/66 MP: 5/5
   322 | D        | Killed an acid dragon
   323 | D        | Reached skill level 10 in Fighting
   323 | D        | Reached skill level 12 in Long Blades
   330 | D        | Reached skill level 13 in Long Blades
   330 | D        | Reached XP level 7. HP: 73/73 MP: 6/6
   335 | D        | Killed a gargoyle
   335 | D        | Reached ***** piety under Trog
   336 | D        | Reached skill level 14 in Long Blades
   407 | D        | Noticed a vampire mosquito
   407 | D        | Noticed a deep elf pyromancer
   407 | D        | Noticed a manticore
   407 | D        | Noticed a four-headed hydra
   407 | D        | Noticed a boulder beetle
   407 | D        | Noticed a red ugly thing
   415 | D        | Killed a red ugly thing
   416 | D        | Reached skill level 15 in Long Blades
   416 | D        | Reached XP level 8. HP: 70/83 MP: 7/7
   567 | D        | Killed a boulder beetle
   568 | D        | Reached skill level 16 in Long Blades
   569 | D        | Killed a two-headed hydra
   570 | D        | Reached skill level 17 in Long Blades
   570 | D        | Reached XP level 9. HP: 94/94 MP: 8/8
   574 | D        | Killed a manticore
   574 | D        | Received a gift from Trog
   575 | D        | Reached skill level 18 in Long Blades
   582 | D        | Killed a deep elf pyromancer
   808 | D        | Noticed Erica
   821 | D        | Killed Erica
   822 | D        | Reached skill level 15 in Fighting
   822 | D        | Reached skill level 19 in Long Blades
   822 | D        | Reached XP level 10. HP: 55/105 MP: 9/9
  1017 | D        | Noticed a black mamba
  1017 | D        | Noticed a seven-headed hydra
  1017 | D        | Noticed a cane toad
  1018 | D        | Noticed a catoblepas
  1025 | D        | Noticed a cane toad
  1031 | D        | Killed a one-headed hydra
  1032 | D        | Reached skill level 20 in Long Blades
  1032 | D        | Reached skill level 10 in Armour
  1032 | D        | Reached skill level 10 in Dodging
  1172 | D        | Killed a cane toad
  1174 | D        | Killed a black mamba
  1174 | D        | Reached ****** piety under Trog
  1176 | D        | Received a gift from Trog
  1180 | D        | Killed a cane toad
  1187 | D        | Killed a catoblepas
  1460 | D        | Noticed a cane toad
  1460 | D        | Noticed a cane toad
  1460 | D        | Noticed a death yak
  1469 | D        | Reached skill level 21 in Long Blades
  1472 | D        | Killed a death yak
  1473 | D        | Reached skill level 1 in Stealth
  1473 | D        | Killed a cane toad
  1476 | D        | Killed a cane toad
  1477 | D        | Reached XP level 11. HP: 117/117 MP: 10/10
  1477 | D        | Identified the +4 triple sword of Judgement {vorpal, rElec
                  | rPois rN+ Str+4} (Trog gifted it to you in the Dungeon)
  1477 | D        | Received a gift from Trog
  1730 | D        | Noticed a death yak
  1730 | D        | Noticed a death yak
  1730 | D        | Noticed a catoblepas
  1730 | D        | Noticed a death yak
  1730 | D        | Noticed a death yak
  1730 | D        | Noticed a death yak
  1732 | D        | Noticed a catoblepas
  1733 | D        | Killed a death yak
  1737 | D        | Killed a death yak
  1738 | D        | Reached skill level 22 in Long Blades
  1860 | D        | Killed a death yak
  1866 | D        | Killed a catoblepas
  1867 | D        | Killed a death yak
  1875 | D        | Killed a death yak
  1879 | D        | Killed a catoblepas
  1879 | D        | Received a gift from Trog
  2038 | D        | Noticed Sonja
  2039 | D        | Noticed Erolcha
  2042 | D        | Killed Erolcha
  2044 | D        | Killed Sonja
  2045 | D        | Reached skill level 23 in Long Blades
  2045 | D        | Reached skill level 1 in Evocations
  2193 | D        | Received a gift from Trog
  2213 | D        | Received a gift from Trog
  2390 | D        | Noticed an orc knight
  2390 | D        | Noticed an orc sorcerer
  2402 | D        | Killed an orc sorcerer
  2408 | D        | Killed an orc knight
  2408 | D        | Received a gift from Trog
  2409 | D        | Noticed an orc knight
  2419 | D        | Reached XP level 12. HP: 33/134 MP: 11/11
  2485 | D        | Received a gift from Trog
  2866 | D        | Found Etzorgh's Antique Weapon Boutique.
  2866 | D        | Noticed an orc high priest
  2869 | D        | Noticed an orc high priest
  2871 | D        | Found Tyrghiari's Armour Shop.
  2879 | D        | Noticed an orc high priest
  2882 | D        | Reached skill level 24 in Long Blades
  2885 | D        | Noticed an orc high priest
  2887 | D        | Found Fiucuyho's Weapon Boutique.
  2889 | D        | Killed an orc high priest
  2900 | D        | Received a gift from Trog
  2900 | D        | Killed an orc high priest
  2901 | D        | Killed an orc high priest
  2906 | D        | Killed an orc high priest
  3274 | D        | Found Nihuu's Jewellery Shop.
  3278 | D        | Noticed an orc high priest
  3279 | D        | Noticed an orc high priest
  3290 | D        | Killed an orc high priest
  3296 | D        | Received a gift from Trog
  3299 | D        | Killed an orc high priest
  3300 | D        | Reached skill level 25 in Long Blades
  3327 | D        | Bought a +1 plate armour of cold resistance for 455 gold
                  | pieces
  3336 | D        | Bought an amulet of faith for 400 gold pieces
  3336 | D        | Bought a +4 ring of slaying for 780 gold pieces
  3336 | D        | Bought a ring of resist corrosion for 200 gold pieces
  3558 | D        | Noticed Maurice
  3584 | D        | Killed Maurice
  3701 | D        | Noticed a tengu warrior
  3701 | D        | Noticed a centaur warrior
  3706 | D        | Noticed a deep troll shaman
  3711 | D        | Noticed a stone giant
  3718 | D        | Noticed a fire dragon
  3721 | D        | Killed a centaur warrior
  3728 | D        | Noticed a vampire mage
  3729 | D        | Killed a tengu warrior
  3730 | D        | Reached skill level 15 in Armour
  3731 | D        | Killed a deep troll shaman
  3732 | D        | Noticed an ice dragon
  3732 | D        | Noticed a stone giant
  3735 | D        | Killed a stone giant
  3735 | D        | Received a gift from Trog
  3736 | D        | Reached XP level 13. HP: 80/148 MP: 12/12
  3738 | D        | Killed a fire dragon
  3744 | D        | Reached skill level 26 in Long Blades
  3745 | D        | Killed a stone giant
  3956 | D        | Noticed Nessos
  3971 | D        | Killed Nessos
  3971 | D        | Received a gift from Trog
  4329 | D        | Identified the +4 great sword "Lileguul" {vorpal, Stlth+}
                  | (Trog gifted it to you in the Dungeon)
  4329 | D        | Received a gift from Trog
  4620 | D        | Noticed an eleionoma
  4620 | D        | Noticed an eleionoma
  4625 | D        | Killed an eleionoma
  4625 | D        | Received a gift from Trog
  4626 | D        | Reached skill level 1 in Throwing
  4634 | D        | Killed an eleionoma
  4645 | D        | Received a gift from Trog
  5058 | D        | Received a gift from Trog
  5060 | D        | Reached skill level 27 in Long Blades
  5078 | D        | Received a gift from Trog
  5086 | D        | Slain by a salamander

Illustrated notes

Levels and vault maps discovered:
D:        linesprint [early_d, line_temple, items_1, d_10, items_2, lair_1,
          lair_end, items_3, orc_1, orc_end, items_4, d_15, swamp_1, shoals_1,
          snake_1, spider_1, d_20, vaults_1, items_5, swamp_end, shoals_end,
          snake_end, spider_end, vaults_end, d_27, items_6, zot_1, zot_end,
          crypt_end, forest_end, elf_end, slime_end, tomb_end, abyss_end,
          pan_hell_end]

Skill      XL: |  1  2  3  4  5  6  7  8  9 10 11 12 13 |
---------------+----------------------------------------+-----
Fighting       | 7 9 10 12 13 15 17 20 23 25 | 25.5
Long Blades    | 7 9 11 13 15 17 19 21 23 25 27 | 27.0
Armour         | 3 4 5 6 7 8 9 11 13 15 18 | 18.6
Dodging        | 3 4 5 6 7 8 9 11 12 13 | 13.9
Stealth        | 1 3 |  3.4
Evocations     | 1 4 |  4.2
Throwing       | 1 |  1.7

Action                   |  1- 3 |  4- 6 |  7- 9 | 10-12 | 13-15 || total
-------------------------+-------+-------+-------+-------+-------++-------
Melee: Falchion          |    15 |    11 |       |       |       ||    26
       Headbutt          |     1 |     4 |    14 |    49 |    22 ||    90
       Scimitar          |       |    10 |    41 |    33 |       ||    84
       Great sword       |       |       |       |    34 |       ||    34
       Punch             |       |       |       |     1 |       ||     1
       Triple sword      |       |       |       |   143 |    94 ||   237
Throw: Dart              |       |       |       |       |     2 ||     2
Invok: Berserk           |     1 |     1 |     2 |     9 |     2 ||    15
       Brothers in Arms  |       |       |       |     3 |     1 ||     4
Evoke: Wand              |       |       |     1 |     1 |     8 ||    10
  Use: Scroll            |       |       |       |     3 |     2 ||     5
       Potion            |       |       |       |     2 |     2 ||     4
Armor: Animal skin       |     3 |     1 |       |       |       ||     4
       Ring mail         |       |     3 |     6 |    22 |       ||    31
       Plate armour      |       |       |       |    23 |    46 ||    69
Dodge: Dodged            |    10 |    12 |    15 |    77 |    52 ||   166

Table legend: (Time is in decaauts)
 A = Elapsed time spent in this place.
 B = Non-inter-level travel time spent in this place.
 C = Inter-level travel time spent in this place.
 D = Time resting spent in this place.
 E = Time spent auto-exploring this place.
 F = Levels seen in this place.
 G = Mean time per level.
                   A        B        C        D        E       F      G
               +--------+--------+--------+--------+--------+-----+--------+
         Total |   5082 |   5082 |      0 |   3320 |    563 |   1 | 5082.0 |
       Dungeon |   5082 |   5082 |      0 |   3320 |    563 |   1 | 5082.0 |
               +--------+--------+--------+--------+--------+-----+--------+

Top non-repeatable levels by time:
       D: 5082 daAuts
